Map: Submarine LE

Players

MaxPax - Winner!

  • Race: Protoss Protoss
  • League: Master
  • Spawn Location: 5:00

BlyOnFire (Bly)

  • Race: Zerg Zerg
  • Spawn Location: 11:00

Event: DreamHack SC2 Masters 2020 Fall

VOD

Have the link to the VOD?

Description

Time

  • Played on: Sept. 1, 2020, 1:47 p.m.
  • Length: 15:50

All games in this series

Show
View Real Time Build Order
Export as new Build Order

MaxPax Protoss - Winner!

Build Orders: Carriers 

Get SALT Encoding   

  12  0:00  Probe  
  13  0:12  Probe  
  14  0:18  Pylon  
  14  0:24  Probe  
  15  0:36  Probe (Chrono Boost)  
  16  0:43  Gateway  
  16  0:46  Probe (Chrono Boost)  
  16  0:47  Assimilator  
  17  0:51  Probe (Chrono Boost)  
  18  1:03  Probe  
  19  1:15  Probe  
  20  1:27  Probe  
  20  1:28  Zealot (Chrono Boost)  
  20  1:30  Cybernetics Core  
  20  1:32  Pylon  
  23  1:50  Probe  
  24  2:07  Nexus  
  25  2:10  Adept (Chrono Boost)  
  26  2:17  Probe  
  26  2:21  Warp Gate  
  27  2:28  Assimilator  
  27  2:29  Probe  
  28  2:35  Adept  
  30  2:41  Probe  
  31  3:00  Probe  
  30  3:07  Stargate  
  30  3:12  Probe  
  31  3:19  Adept  
  33  3:21  Gateway  
  33  3:22  Probe  
  33  3:24  Probe  
  35  3:34  Probe  
  35  3:36  Probe  
  37  3:42  Void Ray (Chrono Boost)  
  37  3:46  Pylon  
  37  3:47  Probe  
  37  3:48  Probe  
  43  3:59  Assimilator, Probe  
  43  4:00  Probe  
  45  4:03  Assimilator  
  43  4:11  Probe  
  43  4:12  Probe  
  45  4:18  Pylon  
  45  4:19  Void Ray (Chrono Boost)  
  45  4:23  Probe  
  46  4:24  Probe  
  51  4:32  Zealot  
  51  4:35  Probe, Pylon  
  51  4:36  Probe  
  55  4:43  Shield Battery x2  
  55  4:44  Stalker  
  57  4:47  Shield Battery, Probe  
  57  4:52  Pylon  
  52  4:59  Void Ray (Chrono Boost), Probe  
  48  5:15  Probe  
  48  5:18  Pylon  
  48  5:19  Probe  
  50  5:24  Adept  
  50  5:27  Probe  
  53  5:31  Void Ray (Chrono Boost), Probe  
  54  5:39  Probe  
  54  5:41  Stargate  
  59  5:44  Probe  
  59  5:47  Pylon  
  60  5:51  Probe  
  60  5:56  Adept, Probe  
  64  6:03  Probe  
  65  6:08  Oracle (Chrono Boost), Probe  
  69  6:14  Adept  
  69  6:15  Probe  
  72  6:19  Adept  
  72  6:20  Probe  
  75  6:25  Void Ray (Chrono Boost)  
  78  6:32  Pylon  
  78  6:53  Void Ray (Chrono Boost)  
  78  6:56  Adept x2  
  78  6:58  Probe  
  86  7:08  Pylon  
  86  7:09  Probe  
  86  7:26  Probe x2  
  86  7:27  Void Ray (Chrono Boost)  
  92  7:31  Nexus  
  92  7:32  Pylon  
  92  7:33  Fleet Beacon  
  92  7:38  Pylon  
  92  7:39  Probe x2  
  92  7:42  Twilight Council  
  94  7:51  Void Ray (Chrono Boost), Probe x2  
  100  7:56  Zealot x2  
  100  7:58  Void Ray (Chrono Boost)  
  104  8:03  Probe x2  
  110  8:21  Pylon  
  110  8:32  Void Ray, Probe  
  109  8:34  Pylon  
  109  8:37  Void Ray  
  109  8:44  Zealot x2  
  109  8:51  Probe x2  
  109  8:54  Unknown  
  90  8:57  Probe  
  85  9:09  Void Ray  
  77  9:10  Zealot  
  77  9:14  Void Ray  
  77  9:26  Zealot  
  77  9:27  Probe  
  80  9:41  Probe  
  81  9:45  Probe  
  81  9:47  Probe  
  83  9:53  Protoss Air Weapons Level 1, Probe  
  86  10:00  Zealot  
  86  10:01  Zealot  
  86  10:05  Probe  
  86  10:07  Probe  
  83  10:15  Probe  
  83  10:18  Probe  
  85  10:21  Void Ray  
  85  10:25  Probe  
  78  10:29  Probe  
  78  10:31  Probe  
  72  10:38  Probe (Chrono Boost)  
  72  10:42  Charge (Chrono Boost)  
  74  10:43  Probe (Chrono Boost)  
  76  10:50  Probe (Chrono Boost)  
  76  10:51  Probe (Chrono Boost)  
  80  10:58  Probe x2 (Chrono Boost)  
  80  11:03  Probe  
  83  11:06  Carrier (Chrono Boost)  
  83  11:08  Probe  
  83  11:09  Probe  
  87  11:15  Probe  
  88  11:20  Probe  
  88  11:25  Zealot x2  
  94  11:32  Probe x3  
  93  11:40  Shield Battery x2  
  93  11:44  Probe  
  93  11:46  Carrier (Chrono Boost)  
  94  11:52  Zealot  
  94  11:54  Probe x2  
  104  11:56  Probe  
  101  12:06  Probe x2  
  103  12:08  Probe  
  104  12:18  Probe  
  111  12:25  Zealot x2  
  115  12:32  Carrier (Chrono Boost)  
  104  12:44  Pylon  
  104  12:48  Gateway  
  104  12:49  Gateway  
  104  12:51  Gateway  
  109  12:53  Carrier (Chrono Boost)  
  109  12:59  Zealot  
  109  13:00  Zealot  
  109  13:04  Templar Archives  
  113  13:18  Assimilator  
  113  13:19  Assimilator  
  113  13:21  Zealot  
  117  13:31  Carrier (Chrono Boost)  
  117  13:33  Probe  
  118  13:36  Carrier (Chrono Boost)  
  116  13:55  Zealot x2  
  116  13:56  Zealot  
  116  14:00  Zealot  
  124  14:03  Zealot  
  132  14:20  Zealot x2  
  132  14:21  Zealot  
  132  14:23  Carrier (Chrono Boost)  
  126  14:25  Zealot  
  126  14:26  Zealot  
  128  14:36  Probe x2  
  114  14:50  Carrier (Chrono Boost)  
  114  15:04  Zealot x4  
  114  15:17  Zealot  
Show
View Real Time Build Order
Export as new Build Order

BlyOnFire Zerg 

Build Orders: 3 Hatch before Pool 

Get SALT Encoding   

  12  0:00  Drone  
  13  0:12  Overlord  
  13  0:17  Drone  
  14  0:30  Drone x2  
  16  0:49  Drone  
  17  0:50  Drone  
  18  1:11  Hatchery  
  18  1:18  Hatchery  
  16  1:23  Drone  
  17  1:26  Drone  
  18  1:40  Extractor  
  18  1:41  Spawning Pool  
  18  1:43  Drone  
  18  1:46  Drone  
  18  1:50  Drone  
  19  1:55  Drone  
  19  1:58  Evolution Chamber  
  21  2:17  Overlord  
  21  2:22  Hatchery  
  21  2:28  Queen x2  
  21  2:29  Zergling x2  
  25  2:31  Zergling x2  
  25  2:34  Zergling x2  
  27  2:40  Metabolic Boost  
  27  2:44  Zergling x2  
  27  3:00  Zergling x8  
  27  3:01  Zergling x2  
  30  3:10  Overlord  
  30  3:12  Overlord  
  30  3:21  Roach Warren  
  30  3:24  Drone  
  30  3:28  Drone x2  
  32  3:42  Drone x3  
  32  3:46  Queen  
  39  4:03  Roach x3  
  43  4:10  Zergling x2  
  43  4:11  Zergling x6  
  47  4:20  Overlord  
  47  4:26  Ravager  
  47  4:29  Zergling x2  
  47  4:30  Overlord, Zergling x2  
  50  4:36  Overlord  
  50  4:37  Overlord  
  49  4:41  Overlord  
  47  4:51  Zergling x10  
  49  4:56  Queen  
  48  5:02  Ravager  
  48  5:05  Ravager  
  40  5:21  Drone x9  
  43  5:29  Drone x2  
  44  5:43  Queen x2  
  44  5:45  Drone x3  
  51  6:05  Zergling x2  
  51  6:06  Zergling x4  
  51  6:10  Hatchery  
  51  6:11  Spore Crawler  
  52  6:12  Spore Crawler  
  52  6:18  Drone x5  
  56  6:22  Lair  
  55  6:34  Zergling x4  
  55  6:35  Zergling x2  
  55  6:36  Zergling x8  
  62  6:44  Zergling x2  
  61  7:04  Drone x10, Queen  
  70  7:12  Extractor, Zergling x2  
  64  7:27  Extractor  
  64  7:28  Hatchery  
  61  7:30  Nydus Network  
  61  7:34  Queen  
  61  7:37  Hatchery  
  61  7:40  Queen  
  62  7:44  Roach x5  
  62  7:48  Extractor  
  71  7:55  Overlord x2  
  71  7:56  Overlord  
  71  8:09  Nydus Canal  
  71  8:10  Queen  
  74  8:13  Ravager x2  
  74  8:15  Zergling x4  
  74  8:16  Queen  
  79  8:21  Roach x2  
  79  8:23  Glial Reconstitution, Spore Crawler  
  82  8:28  Nydus Canal  
  82  8:34  Zergling x2  
  82  8:35  Zergling x6  
  80  8:51  Zergling x10  
  75  8:59  Drone, Zergling x6  
  66  9:13  Hatchery x2  
  66  9:15  Nydus Canal  
  57  9:18  Zergling x2  
  57  9:19  Zergling x8  
  57  9:23  Hydralisk Den  
  54  9:42  Queen x2  
  58  9:52  Nydus Canal  
  58  9:56  Hydralisk x10  
  77  10:12  Hydralisk  
  77  10:13  Hydralisk x2  
  72  10:22  Hydralisk x2  
  72  10:24  Queen  
  68  10:33  Hydralisk x2  
  60  10:46  Zergling x12  
  66  11:01  Hydralisk x3  
  72  11:09  Overlord  
  72  11:18  Hydralisk Den  
  70  11:38  Drone x16  
  86  11:43  Infestation Pit  
  85  11:50  Hydralisk x2  
  85  11:51  Hydralisk  
  88  12:05  Hydralisk x3  
  93  12:17  Muscular Augments  
  93  12:25  Extractor, Spore Crawler  
  93  12:26  Extractor  
  84  12:38  Hydralisk x8  
  91  12:52  Overlord x2  
  91  13:00  Drone  
  91  13:01  Spore Crawler  
  91  13:03  Roach  
  91  13:04  Roach x2  
  95  13:19  Infestor x3  
  101  13:29  Grooved Spines  
  101  13:37  Drone x3  
  101  13:38  Roach x5  
  101  13:39  Baneling Nest  
  113  13:55  Overlord x2  
  113  14:07  Overlord  
  113  14:17  Hydralisk x9  
  111  14:29  Hydralisk x3  
  113  14:36  Hydralisk x2  
  87  14:52  Hydralisk x3  
  87  14:53  Drone  
  87  14:54  Drone x6  
  94  15:04  Hydralisk x3  
  90  15:10  Spore Crawler  
  89  15:19  Roach x4  

Tags
 
Add a new tag
Caveats
  • Supply blocks, unpowered buildings, or Contaminate may cause inaccurate times.
  • Supply counts are checked every 10 seconds.